 Dungeon Crawl Stone Soup version 0.28.0 (webtiles) character file.

Game seed: 3876051016762712461

3337 crazypyro the Cleaver (level 9, -5/71 HPs)
             Began as a Minotaur Fighter on Feb 8, 2022.
             Was an Initiate of Gozag.
             Slain by an unseen horror (6 damage)
             ... on level 7 of the Dungeon.
             The game lasted 00:07:52 (8663 turns).

crazypyro the Cleaver (Minotaur Fighter)            Turns: 8663, Time: 00:07:53

Health: -5/71      AC:  7    Str: 30    XL:     9   Next: 72%
Magic:  8/8        EV:  9    Int:  5    God:    Gozag
Gold:   1033       SH: 16    Dex: 11    Spells: 8/8 levels left

rFire   . . .      SeeInvis .   H - +4 war axe
rCold   . . .      Faith    .   u - +1 kite shield
rNeg    . . .      Spirit   .   b - +0 scale mail
rPois   .          Reflect  +   (helmet restricted)
rElec   .          Harm     .   (no cloak)
rCorr   .          Rampage  .   (no gloves)
Will    .....                   (no boots)
Stlth   ..........              j - amulet of reflection
HPRegen 0.21/turn               q - +6 ring of strength
MPRegen 0.11/turn               (no ring)

@: no status effects
A: horns 2, retaliatory headbutt
a: Renounce Religion, Potion Petition, Call Merchant, Bribe Branch


You were on level 7 of the Dungeon.
You worshipped Gozag.
Gozag was most pleased with you.
You visited 2 branches of the dungeon, and saw 8 of its levels.
You also visited: Ossuary.

You collected 1074 gold pieces.
You paid 41 gold pieces to Gozag.

Inventory:

Hand Weapons
 a - a +0 war axe
 y - a +2 hand axe of flaming
 H - a +4 war axe (weapon)
Missiles
 d - a throwing net (quivered)
Armour
 b - a +0 scale mail (worn)
 c - a +0 buckler
 u - a +1 kite shield (worn)
Jewellery
 j - an amulet of reflection (around neck)
 q - a +6 ring of strength (left hand)
 r - an amulet of the acrobat
 s - an amulet of faith
 D - a ring of wizardry
Wands
 n - a wand of flame (21)
 w - a wand of polymorph (10)
 A - a wand of iceblast (1)
Scrolls
 h - 8 scrolls of identify
 k - a scroll of immolation
 l - a scroll of fog
 m - a scroll of enchant armour
 x - 2 scrolls of magic mapping
 z - 5 scrolls of teleportation
Potions
 e - 4 potions of resistance
 f - 4 potions of curing
 g - a potion of cancellation {unknown}
 i - 2 potions of lignification
 o - a potion of attraction {unknown}
 p - 3 potions of brilliance {unknown}
 t - a potion of flight {unknown}
 v - 3 potions of heal wounds {unknown}
 B - a potion of ambrosia {unknown}
 C - 2 potions of might
 E - a potion of magic {unknown}
 F - a potion of degeneration {unknown}
 G - a potion of haste {unknown}


   Skills:
 - Level 4.0 Fighting
 * Level 13.4 Axes
 - Level 3.8 Armour
 - Level 2.2 Dodging
 + Level 9.7 Shields


You had 8 spell levels left.
You didn't know any spells.
Your spell library contained the following spells:

 Spells                   Type           Power      Damage    Failure   Level
 Summon Small Mammal      Summ           0%         N/A       94%         1
 Blink                    Tloc           0%         N/A       98%         2
 Call Canine Familiar     Summ           0%         N/A       100%        3
 Lesser Beckoning         Tloc           0%         N/A       100%        3
 Summon Guardian Golem    Hex/Summ       0%         N/A       100%        3
 Summon Lightning Spire   Summ/Air       0%         N/A       100%        4
 Manifold Assault         Tloc           0%         N/A       100%        5
 Storm Form               Tmut/Air       0%         N/A       100%        7
 Maxwell's Capacitive Co  Air            0%         ∞         100%        8


Dungeon Overview and Level Annotations

Branches:
Dungeon (7/15)             Temple (1/1) D:4         Ossuary (visited)

Altars:
Ashenzari
Cheibriados
Dithmenos
Elyvilon
Fedhas
Gozag
Nemelex Xobeh
Okawaru
Qazlal
Ru
Sif Muna
Trog
Uskayaw
Vehumet
Wu Jian
Xom
Yredelemnul
Zin
The Shining One

Shops:
D:2 :   D:4 *(


Innate Abilities, Weirdness & Mutations

You have a pair of horns on your head.
You reflexively headbutt those who attack you in melee.


Message History

You destroy the wyvern zombie!
You see here 6 gold pieces.
Something hits you.
* * * LOW HITPOINT WARNING * * *
Something hits you but does no damage. Something hits you.
* * * LOW HITPOINT WARNING * * *
Something hits you.
* * * LOW HITPOINT WARNING * * *
Items here: $ ( )).
Okay, then.
You feel better. Something hits you.
* * * LOW HITPOINT WARNING * * *
Something hits you but does no damage.
It was a potion of lignification.
You turn into a tree.
Your +0 scale mail melds into your body.
Your roots penetrate the ground.
Something hits you but does no damage.
You are too injured to fight recklessly!
Something hits you but does no damage. Something hits you but does no damage.
You block something's attack. Something hits you but does no damage.
You block something's attack.
Your transformation is almost over.
Something hits you but does no damage. You block something's attack.
Something hits you but does no damage. Something hits you but does no damage.
You block something's attack. Something hits you!
* * * LOW HITPOINT WARNING * * *
Something hits you but does no damage. Something hits you but does no damage.
You feel less wooden.
Your +0 scale mail unmelds from your body.
Something hits you.
* * * LOW HITPOINT WARNING * * *
Something hits you.
You die...
Your body crumbles into a pile of gold.

..# ... # ##.# ###.###
.#. .....#..⌠..#....
...#.....#.....# >. .
..⌠.⌠.⌠...(..##... #.
#.....#.....#...# ..
#.$⌠..#........# ###.
###.###........#. #....
#.@!..............
#.....#.$#$..........#..
...)...$$$.......###....
#.....#..#...#..##......
#!...(#..#..###)#.....#
###.# #.....# #$$.....#
... .....####.$.....##
#.. .#....# #....)....##
# .###....##.........##


There were no monsters in sight!

Vanquished Creatures
  A water moccasin (D:7)
  4 ice beasts
  A black bear (D:6)
  A hornet zombie (Ossuary)
  An orc warrior (D:7)
  4 ogres
  A sky beast (D:7)
  2 centaurs
  A kobold brigand (D:7)
  2 wyvern zombies
  5 water moccasin zombies
  2 scorpions
  4 centaur zombies (Ossuary)
  3 orc priests
  5 bullfrog zombies
  A jelly (D:6)
  2 hounds
  2 gnoll shamans (D:6)
  3 iguanas
  Ijyb (D:4)
  An orc wizard (D:7)
  Natasha (thrice) (D:2)
  4 killer bee zombies
  16 mummies
  A howler monkey zombie (Ossuary)
  Robin (D:2)
  14 gnolls
  4 adders
  3 white imps
  An ufetubus (D:7)
  2 worms
  3 dart slugs
  14 orcs
  10 endoplasms
  2 giant cockroaches (D:1)
  15 goblins
  7 hobgoblins
  3 jackals (D:1)
  A quokka (D:2)
  6 ball pythons
  3 bats
  2 frilled lizards (D:2)
  A goblin zombie (D:7)
  7 kobolds
  An orc zombie (D:7)
  4 rats
175 creatures vanquished.

Vanquished Creatures (others)
  A killer bee zombie (D:6)
  A fungus (D:6)
  4 toadstools (D:1)
  4 withered plants (Ossuary)
10 creatures vanquished.

Grand Total: 185 creatures vanquished

Notes
Turn   | Place    | Note
-------+----------+-------------------------------------------
     0 | D:1      | crazypyro the Minotaur Fighter began the quest for the Orb.
     0 | D:1      | Reached XP level 1. HP: 19/19 MP: 0/0
   297 | D:1      | Reached XP level 2. HP: 24/27 MP: 1/1
   487 | D:1      | Reached skill level 3 in Axes
   577 | D:1      | Reached skill level 1 in Dodging
   647 | D:1      | Reached XP level 3. HP: 29/33 MP: 2/2
  1288 | D:2      | Noticed Robin
  1300 | D:2      | Killed Robin
  1301 | D:2      | Reached XP level 4. HP: 15/40 MP: 3/3
  1564 | D:2      | Noticed Natasha
  1571 | D:2      | Killed Natasha
  1572 | D:2      | Reached skill level 4 in Axes
  2002 | D:2      | Noticed Natasha
  2007 | D:2      | Killed Natasha
  2008 | D:2      | Reached skill level 5 in Axes
  2080 | D:2      | Noticed Natasha
  2082 | D:2      | Found a faded altar of an unknown god.
  2088 | D:2      | Killed Natasha
  2089 | D:2      | Reached XP level 5. HP: 20/46 MP: 4/4
  2259 | D:2      | Found Sosugigh's Book Boutique.
  3362 | D:4      | Found a staircase to the Ecumenical Temple.
  3518 | Temple   | Entered the Ecumenical Temple
  3583 | Temple   | Became a worshipper of Gozag Ym Sagoz the Greedy
  3695 | D:4      | Found Wusinile's Weapon Boutique.
  3770 | D:4      | Reached skill level 6 in Axes
  4025 | D:4      | Found Duumatikh's General Store.
  4025 | D:4      | Identified the +9 rapier of Xezavaf {flame, rPois Dex+7}
  4025 | D:4      | Noticed Ijyb
  4036 | D:4      | Killed Ijyb
  4037 | D:4      | Reached XP level 6. HP: 17/52 MP: 5/5
  4485 | D:5      | Entered Level 5 of the Dungeon
  4493 | D:5      | Reached skill level 7 in Axes
  4498 | D:5      | Reached skill level 5 in Shields
  4824 | D:5      | Reached XP level 7. HP: 18/59 MP: 6/6
  5173 | D:5      | Reached skill level 8 in Axes
  5327 | D:5      | Found a basalt altar of Yredelemnul.
  5327 | D:5      | Found a snail-covered altar of Cheibriados.
  6022 | D:6      | Reached skill level 9 in Axes
  6244 | D:6      | Reached XP level 8. HP: 31/66 MP: 7/7
  6261 | D:6      | Reached skill level 10 in Axes
  7060 | D:6      | Found a broken altar of Ashenzari.
  7461 | D:7      | Found a sparkling altar of Nemelex Xobeh.
  7472 | D:7      | Found a stormy altar of Qazlal.
  7474 | D:7      | Found a sand-covered staircase.
  7482 | Ossuary  | Entered an ossuary
  7505 | Ossuary  | Reached skill level 11 in Axes
  7555 | Ossuary  | Reached XP level 9. HP: 19/71 MP: 8/8
  7872 | Ossuary  | Reached skill level 12 in Axes
  8289 | D:7      | Found a shimmering altar of Xom.
  8501 | D:7      | Reached skill level 13 in Axes
  8642 | D:7      | HP: 3/71 [something (1)]
  8663 | D:7      | HP: 1/71 [something (5)]
  8663 | D:7      | Slain by an unseen horror

Illustrated notes

Levels and vault maps discovered:
D:1:      ldierk_walled_garden_2, layout_loops_ring
D:2:      layout_rooms, shapermc_ecumenical_altar_starsandcircs, serial_shops,
          shop, uniq_natasha, uniq_robin
D:3:      layout_loops_ring, chequers_jeans, minmay_misc_feat_enclosed,
          nrook_mini_backslash
D:4:      layout_gridville, minmay_temple_entry_antechambers, serial_shops,
          nicolae_shop_statue_plus, nicolae_shop_crystal, uniq_ijyb
D:5:      layout_basic, gammafunk_temple_overflow_pools, minmay_misc_feat_rows,
          lemuel_old_faithful
D:6:      old_forge, layout_basic, lemuel_round_altar, lemuel_flame_loot_1
D:7:      layout_cave_pools, minitemple, nicolae_ossuary_entry_giza,
          minmay_chambers_of_fives
Temple:   cyrus_circular_temple

Skill      XL: |  1  2  3  4  5  6  7  8  9 |
---------------+----------------------------+-----
Fighting       | 4 |  4.0
Axes           | 3 5 6 7 9 11 13 | 13.4
Dodging        | 1 2 |  2.2
Shields        | 4 5 6 8 9 |  9.7
Armour         | |  3.8

Action                   |  1- 3 |  4- 6 |  7- 9 || total
-------------------------+-------+-------+-------++-------
Melee: War axe           |    83 |   102 |   117 ||   302
       Headbutt          |     7 |    15 |    60 ||    82
       Hand axe          |       |       |   197 ||   197
  Use: Scroll            |       |     7 |     3 ||    10
       Potion            |       |       |     5 ||     5
Armor: Scale mail        |    53 |    31 |    61 ||   145
       Skin              |       |       |     9 ||     9
Dodge: Dodged            |    54 |    41 |    62 ||   157
Block: Buckler           |    20 |     3 |       ||    23
       Kite shield       |       |    28 |   191 ||   219
       Reflection        |       |       |    14 ||    14
